 Dungeon Crawl Stone Soup version 0.19.4-8-ga85b6b9 (console) character file.

1431 Kloppie the Fighter (level 8, 0/71 HPs)
             Began as a Demonspawn Berserker on Feb 9, 2017.
             Was a Believer of Trog.
             Slain by a white ugly thing (7 damage)
             ... on level 7 of the Dungeon.
             The game lasted 00:05:55 (5512 turns).

Kloppie the Fighter (Demonspawn Berserker)          Turns: 5512, Time: 00:05:55

Health: 0/71       AC:  8    Str: 17    XL:     8   Next: 45%
Magic:  8/8        EV: 11    Int:  8    God:    Trog [**....]
Gold:   296        SH:  0    Dex: 16    Spells: 0 memorised, 7 levels left

rFire  + . .     SeeInvis .     a - +0 falchion
rCold  . . .     Gourm    .     v - +0 ring mail
rNeg   . . .     Faith    .     (no shield)
rPois  .         Spirit   .     (helmet restricted)
rElec  .         Reflect  .     (no cloak)
rCorr  .         Harm     .     t - +0 pair of gloves
MR     ++...                    (no boots)
Stlth  +.........               b - amulet of regeneration
                                (no ring)
                                (no ring)

@: exhausted, regenerating, slowed, very slow
A: antennae 2, thin metallic scales 1, demonic guardian 2, fire resistance 1
a: Berserk, Trog's Hand, Burn Spellbooks, Renounce Religion


You were on level 7 of the Dungeon.
You worshipped Trog.
Trog was pleased with you.
You were very hungry.

You visited 1 branch of the dungeon, and saw 7 of its levels.

You collected 296 gold pieces.

Inventory:

Hand Weapons
 a - a +0 falchion (weapon)
Armour
 t - a +0 pair of gloves (worn)
 v - a +0 ring mail (worn)
Jewellery
 b - an amulet of regeneration (around neck)
 u - an uncursed amulet of magic regeneration {unknown}
 x - an uncursed amulet of regeneration
Scrolls
 d - a scroll of enchant weapon {unknown}
 e - 2 scrolls of amnesia
 f - 2 scrolls of remove curse
 h - a scroll of recharging
 i - 4 scrolls of identify
 m - 4 scrolls of immolation
 n - 2 scrolls of fear {unknown}
 s - a scroll of magic mapping {unknown}
 y - a scroll of teleportation {unknown}
Potions
 g - 6 potions of curing {unknown}
 q - a potion of agility
Comestibles
 c - 5 bread rations
 j - 4 chunks of flesh
 o - 2 fruits


   Skills:
 * Level 9.2 Fighting
 + Level 6.0 Long Blades
 - Level 1.7 Armour
 - Level 1.7 Dodging


You had 7 spell levels left.
You didn't know any spells.

Dungeon Overview and Level Annotations

Branches:
Dungeon (8/15)
 Temple: D:4-7         Lair: D:8-11

Altars:
Elyvilon
Kikubaaqudgha
Makhleb
Vehumet


Innate Abilities, Weirdness & Mutations

You have a pair of antennae on your head.
You are partially covered in thin metallic scales. (AC +2)
A demonic guardian rushes to your aid.
Your flesh is heat resistant. (rF+)


Message History

Something completely misses your smoke demon.
The white ugly thing trunk-slaps your smoke demon.
The white ugly thing freezes your smoke demon!!
Your smoke demon hits the white ugly thing.
Your smoke demon hits the white ugly thing but does no damage. x2
As you read the scroll labeled WATUTY UTRUSI, it crumbles to dust.
It is a scroll of recharging.
You aren't carrying any rechargeable items.
Something barely misses your smoke demon.
The white ugly thing trunk-slaps your smoke demon!
Your smoke demon dies!
Okay, then.
Your skin crawls.
You feel resistant to hostile enchantments.
You are feeling very hungry.
Your smoke demon closely misses the white ugly thing.
Your smoke demon hits the white ugly thing but does no damage.
Your smoke demon hits the white ugly thing.
The white ugly thing trunk-slaps you!
You die...

#8...# ####'#
{#....#
.......#....#
.......#....#
.......#....#
.......#...)#
.......#....#{
{
......l#.@..#
......l#u...#
..(...l'.3..#
{
#############


You could see a white ugly thing (inner flame), an iguana (inner flame) and a
friendly smoke demon.

Vanquished Creatures
  A hill giant (D:7)
  A wyvern (D:7)
  A water moccasin (D:8)
  An ogre (D:4)
  A phantom (D:4)
  3 crimson imps
  A hound (D:4)
  An orc wizard (D:4)
  A centaur skeleton (D:4)
  2 worker ants
  4 gnolls
  4 adders
  3 dart slugs (D:2)
  A leopard gecko (D:4)
  5 orcs
  9 bats
  4 giant cockroaches
  8 hobgoblins
  15 jackals
  4 kobolds
  4 quokkas
  6 frilled lizards
  5 goblins
  7 rats
92 creatures vanquished.

Vanquished Creatures (collateral kills)
  A slime creature (D:7)
  A water moccasin (D:7)
  A sky beast (D:8)
  3 gnolls (D:4)
6 creatures vanquished.

Grand Total: 98 creatures vanquished

Notes
Turn   | Place    | Note
-------+----------+-------------------------------------------
     0 | D:1      | Kloppie the Demonspawn Berserker began the quest for the Orb.
     0 | D:1      | Reached XP level 1. HP: 18/18 MP: 1/1
   184 | D:1      | Gained mutation: You have a pair of small antennae on your head. [demonic ancestry]
   184 | D:1      | Reached XP level 2. HP: 8/24 MP: 2/2
  1262 | D:2      | Reached ** piety under Trog
  1310 | D:2      | Gained mutation: You have a pair of antennae on your head. [demonic ancestry]
  1310 | D:2      | Reached XP level 3. HP: 19/30 MP: 3/3
  1577 | D:2      | Reached skill level 4 in Fighting
  2160 | D:2      | Found an ancient bone altar of Kikubaaqudgha.
  2160 | D:2      | Found a faded altar of an unknown god.
  2174 | D:2      | Found a faded altar of an unknown god.
  2176 | D:2      | Found a faded altar of an unknown god.
  2177 | D:2      | Found a faded altar of an unknown god.
  2375 | D:2      | Gained mutation: A weak demonic guardian rushes to your aid. [demonic ancestry]
  2375 | D:2      | Reached XP level 4. HP: 14/38 MP: 4/4
  3194 | D:3      | Reached skill level 5 in Fighting
  3218 | D:3      | Found a burning altar of Makhleb.
  3222 | D:3      | Found a radiant altar of Vehumet.
  3234 | D:3      | Gained mutation: A demonic guardian rushes to your aid. [demonic ancestry]
  3234 | D:3      | Reached XP level 5. HP: 42/44 MP: 5/5
  3424 | D:4      | Noticed an ogre
  3424 | D:4      | Found a white marble altar of Elyvilon.
  3432 | D:4      | Killed an ogre
  3544 | D:4      | Gained mutation: Your flesh is heat resistant. (rF+) [demonic ancestry]
  3544 | D:4      | Reached XP level 6. HP: 24/52 MP: 6/6
  3731 | D:4      | Reached skill level 6 in Fighting
  5028 | D:5      | Entered Level 5 of the Dungeon
  5175 | D:5      | You fall through a shaft for 3 floors!
  5263 | D:8      | Noticed a sky beast
  5263 | D:8      | Noticed a water moccasin
  5271 | D:8      | Killed a sky beast
  5271 | D:8      | Gained mutation: You are partially covered in thin metallic scales. (AC +2) [demonic ancestry]
  5271 | D:8      | Reached XP level 7. HP: 59/59 MP: 7/7
  5274 | D:8      | Reached skill level 7 in Fighting
  5431 | D:7      | Noticed a hill giant
  5437 | D:7      | Killed a hill giant
  5437 | D:7      | Reached skill level 8 in Fighting
  5437 | D:7      | Reached skill level 5 in Long Blades
  5437 | D:7      | Reached XP level 8. HP: 69/69 MP: 8/8
  5487 | D:7      | Noticed a slime creature
  5490 | D:7      | Noticed a white ugly thing
  5502 | D:7      | HP: 2/105 [white ugly thing (23)]
  5506 | D:7      | Killed a slime creature
  5506 | D:7      | Reached skill level 9 in Fighting
  5512 | D:7      | Slain by a white ugly thing

Skill      XL: |  1  2  3  4  5  6  7  8 |
---------------+-------------------------+-----
Long Blades    | 3 4 5 6 |  6.0
Fighting       | 4 5 6 8 9 |  9.2
Armour         | |  1.7
Dodging        | |  1.7

Action                   |  1- 3 |  4- 6 |  7- 9 || total
-------------------------+-------+-------+-------++-------
Melee: Falchion          |   132 |   158 |    51 ||   341
Invok: Berserk           |     4 |     2 |     3 ||     9
       Trog's Hand       |       |     1 |     2 ||     3
  Use: Potion            |       |     8 |       ||     8
       Scroll            |       |       |     5 ||     5
 Stab: Sleeping          |     3 |       |       ||     3
  Eat: Chunk             |     8 |     9 |     2 ||    19
       Bread ration      |       |     1 |       ||     1
Armor: Animal skin       |    13 |       |       ||    13
       Leather armour    |    12 |       |       ||    12
       Ring mail         |       |    64 |    10 ||    74
Dodge: Dodged            |    97 |    86 |    30 ||   213
       Rpst.: Falchion   |    30 |    30 |    13 ||    73
